 Dungeon Crawl Stone Soup version 0.31-a0-564-g3b7de120b3 (webtiles) character file.

Game seed: 311997972491436262

18 randomguy2701 the Grave Robber (level 2, -10/15 HPs)
             Began as a Deep Elf Necromancer on Aug 17, 2023.
             Mangled by a gnoll
             ... wielding a +0 halberd
              (11 damage)
             ... on level 2 of the Dungeon.
             The game lasted 00:01:16 (766 turns).

randomguy2701 the Grave Robber (DENe)                Turns: 766, Time: 00:01:17

Health: -10/15     AC:  2    Str:  5    XL:     2   Next: 51%
Magic:  4/8        EV: 12    Int: 19    God:
Gold:   65         SH:  0    Dex: 15    Spells: 6/7 levels left

rFire   . . .        k - +2 dagger (venom)
rCold   . . .        (no shield)
rNeg    . . .        a - +0 robe
rPois   .            (no helmet)
rElec   .            (no cloak)
rCorr   .            (no gloves)
SInv    .            (no boots)
Will    .....        (no amulet)
Stlth   ++           (no ring)
HPRegen 0.22/turn    (no ring)
MPRegen 0.11/turn

%: no passive effects
@: no status effects
A: no striking features
a: no special abilities


You were on level 2 of the Dungeon.
You visited 1 branch of the dungeon, and saw 2 of its levels.

You collected 65 gold pieces.

Inventory:

Hand Weapons
 k - a +2 dagger of venom (weapon)
Armour
 a - a +0 robe (worn)
Scrolls
 c - a scroll of immolation {unknown}
 d - 2 scrolls of identify {unknown}
 e - a scroll of teleportation {unknown}
 h - a scroll of enchant armour {unknown}
 i - a scroll of enchant weapon {unknown}
 j - 3 scrolls of noise {unknown}
Potions
 b - a potion of magic
 f - a potion of enlightenment {unknown}
 g - a potion of cancellation {unknown}


   Skills:
 + Level 2.4 Dodging
 + Level 2.5 Stealth
 + Level 3.3 Spellcasting
 + Level 5.5 Necromancy


You had 6 spell levels left.
You knew the following spells:

 Your Spells              Type           Power      Damage    Failure   Level
a - Necrotise             Necr           96%        1d8       1%          1

Your spell library contained the following spells:

 Spells                   Type           Power      Damage    Failure   Level
 Vampiric Draining        Necr           24%        2d7       4%          3
 Animate Dead             Necr           24%        N/A       16%         4
 Agony                    Necr           24%        N/A       38%         5


Dungeon Overview and Level Annotations

Branches:
Dungeon (2/15)

Altars:


Message History

You can't see any susceptible monsters within range! (Use Z to cast anyway.)
A ball python comes into view.
A ball python is nearby!
A ball python is nearby!
The ball python barely resists.
Your quokka skeleton misses the ball python.
The ball python writhes in agony.
You kill the ball python!
The dead are slithering!
You can't see any susceptible monsters within range! (Use Z to cast anyway.)
Your quokka skeleton crumbles into dust!
Your ball python skeleton crumbles into dust!
Magic restored.
A gnoll comes into view. It is wielding a +0 flail.
A gnoll is nearby!
A gnoll is nearby!
A rat and a gnoll come into view.
Found a twisted soapstone amulet.
You can't see any susceptible monsters within range! (Use Z to cast anyway.)
You can't see any susceptible monsters within range! (Use Z to cast anyway.)
You can't see any susceptible monsters within range! (Use Z to cast anyway.)
A gnoll comes into view. It is wielding a +0 spear.
The gnoll shouts!
You hear an angry hiss.
The gnoll writhes in agony.
The gnoll shouts!
The gnoll writhes in agony.
The gnoll falls through a shaft!
The shaft crumbles and collapses.
The gnoll barely resists.
There is a stone staircase leading up here.
The rat writhes in agony.
The rat writhes in agony!
You kill the rat!
The dead are walking!
The gnoll hits you from afar with a +0 halberd.
The gnoll hits you with a +0 flail!
Ouch! That really hurt!
* * * LOW HITPOINT WARNING * * *
The gnoll hits you from afar with a +0 halberd!
Ouch! That really hurt!
You die...

....#########
.............#
.............#
.............#
.............##
.......Z......#
..............#####
...S....gg@.......#
#.............###.
#.............#
.............##
...............?.
."...............#
.....!...........#
...##########.####
.## .#


You could see 2 gnolls, a ball python and a friendly rat skeleton.

Vanquished Creatures
  4 ball pythons
  2 endoplasms (D:1)
  A hobgoblin (D:1)
  4 quokkas
  A bat (D:1)
  2 goblins (D:1)
  2 rats
16 creatures vanquished.

Vanquished Creatures (collateral kills)
  A ball python (D:1)
  A frilled lizard (D:1)
2 creatures vanquished.

Grand Total: 18 creatures vanquished

Notes
Turn   | Place    | Note
-------+----------+-------------------------------------------
     0 | D:1      | randomguy2701 the Deep Elf Necromancer began the quest for
                  | the Orb.
     0 | D:1      | Reached XP level 1. HP: 10/10 MP: 6/6
   224 | D:1      | Reached skill level 5 in Necromancy
   456 | D:1      | Reached XP level 2. HP: 15/15 MP: 5/8
   766 | D:2      | Mangled by a gnoll

Illustrated notes

Levels and vault maps discovered:
D:1:      tarquinn_simple_flora_water_a, layout_rooms, st_stairs_5,
          chequers_arboretum
D:2:      layout_basic, basic_altar, chequers_serial_rivers_micro_c,
          kennysheep_another_room, dk_vineyard_2

Skill      XL: |  1 |
---------------+----+-----
Necromancy     | 5 |  5.5
Dodging        | |  2.4
Stealth        | |  2.5
Spellcasting   | |  3.3

Action                     || total
---------------------------++-------
   Cast: Necrotise         ||    35
  Dodge: Dodged            ||     2

Table legend: (Time is in decaauts)
 A = Elapsed time spent in this place.
 B = Non-inter-level travel time spent in this place.
 C = Inter-level travel time spent in this place.
 D = Time resting spent in this place.
 E = Time spent auto-exploring this place.
 F = Levels seen in this place.
 G = Mean time per level.
                   A        B        C        D        E       F      G
               +--------+--------+--------+--------+--------+-----+--------+
         Total |    765 |    722 |     43 |      0 |    635 |   2 |  382.5 |
       Dungeon |    765 |    722 |     43 |      0 |    635 |   2 |  382.5 |
               +--------+--------+--------+--------+--------+-----+--------+

Top non-repeatable levels by time:
     D:1: 716 daAuts
     D:2: 48 daAuts
